 Dungeon Crawl Stone Soup version 0.22-a0-803-gd6d8abe (webtiles) character file.

2043 vierth the Cleaver (level 9, 0/70 HPs)
             Began as a Hill Orc Fighter on July 22, 2018.
             Was a Follower of Trog.
             Succumbed to a killer bee's poison
             ... on level 6 of the Dungeon.
             The game lasted 00:26:34 (5437 turns).

vierth the Cleaver (Hill Orc Fighter)               Turns: 5437, Time: 00:26:36

Health: 0/70       AC:  9    Str: 22    XL:     9   Next: 24%
Magic:  9/9        EV:  8    Int:  8    God:    Trog [*.....]
Gold:   347        SH: 12    Dex: 10    Spells: 8/8 levels left

rFire    . . .     SeeInvis .   a - +1 war axe
rCold    . . .     Gourm    .   h - +1 shield {reflect}
rNeg     . . .     Faith    .   b - +0 scale mail
rPois    .         Spirit   .   (no helmet)
rElec    .         Reflect  +   m - +0 cloak
rCorr    .         Harm     .   (no gloves)
MR       +....                  r - +0 pair of boots
Stlth    ..........             (no amulet)
HPRegen  0.21/turn              (no ring)
MPRegen  0.11/turn              j - ring of protection from magic

@: lethally poisoned (0 -> -7)
A: no striking features
a: Berserk, Renounce Religion


You were on level 6 of the Dungeon.
You worshipped Trog.
Trog was aware of your devotion.
You were near starving.

You visited 2 branches of the dungeon, and saw 8 of its levels.
You also visited: Sewer.

You collected 347 gold pieces.

Inventory:

Hand Weapons
 a - a +1 war axe (weapon)
 c - a cursed +0 mace
Armour
 b - a +0 scale mail (worn)
 h - a +1 shield of reflection (worn)
 m - a +0 cloak (worn)
 r - a +0 pair of boots (worn)
Jewellery
 j - a ring of protection from magic (right hand)
Wands
 p - a wand of flame (97)
 u - a wand of enslavement (10)
 z - a wand of iceblast (10)
Scrolls
 e - 7 scrolls of identify
 k - a scroll of fog {unknown}
 o - a scroll of amnesia {unknown}
 t - a scroll of immolation {unknown}
 w - 2 scrolls of teleportation {unknown}
 x - a scroll of magic mapping {unknown}
 y - 2 scrolls of enchant weapon
 C - 2 scrolls of remove curse
 G - a scroll of enchant armour {unknown}
 I - a scroll of fear {unknown}
Potions
 d - 5 potions of might
 g - a potion of curing {unknown}
 i - a potion of lignification {unknown}
 l - 5 potions of mutation {unknown}
 n - 3 potions of heal wounds {unknown}
 q - a potion of berserk rage {unknown}
 s - a potion of degeneration {unknown}
 v - 2 potions of ambrosia {unknown}
 A - a potion of haste {unknown}
 B - a potion of agility {unknown}
 D - 2 potions of cancellation {unknown}
 E - a potion of flight {unknown}
 F - a potion of brilliance {unknown}
Comestibles
 f - 13 rations


   Skills:
 - Level 3.6 Fighting
 * Level 12.7 Axes
 - Level 3.2 Armour
 + Level 7.9 Shields


You had 8 spell levels left.
You didn't know any spells.
Your spell library was empty.

Dungeon Overview and Level Annotations

Branches:
Dungeon (7/15)             Temple (1/1) D:5

Altars:
Ashenzari
Cheibriados
Elyvilon
Fedhas
Gozag
Hepliaklqana
Kikubaaqudgha
Makhleb
Okawaru
Qazlal
Sif Muna
Trog
Uskayaw
Vehumet
Wu Jian
Xom
Yredelemnul
Zin
The Shining One

Shops:
D:6 !

Annotations:
D:2 1 runed door


Message History

You block the killer bee's attack.
You miss the killer bee.
The killer bee is lightly wounded.
You hit the killer bee.
* * * LOW HITPOINT WARNING * * *
You feel sick. The killer bee closely misses you.
You block the killer bee's attack. x3
You slash the killer bee!
You kill the killer bee!
Trog accepts your kill.
You slash the killer bee!
* * * LOW HITPOINT WARNING * * *
You feel sick. You block the killer bee's attack.
The killer bee barely misses you.
You hit the killer bee.
You kill the killer bee!
Trog accepts your kill.
* * * LOW HITPOINT WARNING * * *
You feel sick.
You die...

### ##### ##.# ##### #...# ...#
######...#####.#.#### ...#
#......).#....∩.....# .#.#
#.###....#...#.##...#
.#########.###..@.#......#...#
>...........##.†..#......#†..####
.................................
##.#.#####.#.##...#...#.#........
##.#(# #.#.##.......#.#........
##.#.# #.#..##.###..#.#........
##.#.# #.#..##..###.#.#........
##.#.### #.#.....##_###.#.[......
##.#...# #.###.###..###.#........


There were no monsters in sight!

Vanquished Creatures
  An ice beast (D:5)
  An ogre (D:5)
  A phantom (D:4)
  2 centaurs
  A crocodile (Sewer)
  Blork the orc (D:6)
  A wyvern zombie (D:7)
  3 scorpions
  3 killer bees
  2 vampire bats (D:3)
  5 crimson imps
  3 hounds
  A jelly (D:5)
  A centaur skeleton (D:6)
  An orc priest (D:5)
  3 orc wizards
  Terence (D:2)
  2 iguanas
  Natasha (thrice) (D:2)
  8 worker ants
  Robin (D:3)
  3 gnolls (D:2)
  A river rat (D:4)
  6 adders
  A shadow imp (D:5)
  2 oozes
  3 worms
  3 dart slugs
  4 leopard geckos
  27 orcs
  3 ball pythons
  7 bats
  2 bat skeletons (D:3)
  3 bat zombies (D:3)
  9 giant cockroaches
  8 hobgoblins
  12 jackals
  3 quokkas
  2 frilled lizards
  A giant cockroach zombie (D:5)
  14 goblins
  A jackal skeleton (D:5)
  8 kobolds
  A leopard gecko skeleton (D:4)
  A quokka zombie (D:5)
  12 rats
  A butterfly (D:5)
183 creatures vanquished.

Notes
Turn   | Place    | Note
-------+----------+-------------------------------------------
     0 | D:1      | vierth the Hill Orc Fighter began the quest for the Orb.
     0 | D:1      | Reached XP level 1. HP: 19/19 MP: 1/1
     9 | D:1      | Reached skill level 3 in Axes
    96 | D:1      | Noticed a swamp drake
    96 | D:1      | Noticed a redback
    96 | D:1      | Noticed a black bear
   144 | D:1      | Reached XP level 2. HP: 24/26 MP: 2/2
   165 | D:1      | Reached skill level 4 in Axes
   247 | D:1      | Reached XP level 3. HP: 22/31 MP: 3/3
   573 | D:1      | Reached skill level 5 in Axes
   735 | D:2      | Noticed Terence
   746 | D:2      | Killed Terence
   746 | D:2      | Reached XP level 4. HP: 38/39 MP: 4/4
   900 | D:2      | Found a white marble altar of Elyvilon.
   913 | D:2      | Reached skill level 6 in Axes
   914 | D:2      | Reached XP level 5. HP: 26/45 MP: 5/5
  1159 | D:2      | Noticed Natasha
  1167 | D:2      | Killed Natasha
  1409 | D:2      | Found a runed door.
  1458 | D:2      | Noticed Natasha
  1466 | D:2      | Killed Natasha
  1519 | D:2      | Noticed Natasha
  1525 | D:2      | Killed Natasha
  1656 | D:3      | Reached skill level 7 in Axes
  1694 | D:3      | Found a shimmering altar of Xom.
  1698 | D:3      | Reached XP level 6. HP: 51/51 MP: 6/6
  1711 | D:3      | Noticed Robin
  1726 | D:3      | Killed Robin
  2003 | D:3      | Reached skill level 8 in Axes
  2003 | D:3      | Reached skill level 5 in Shields
  2171 | D:3      | Found an ancient bone altar of Kikubaaqudgha.
  2178 | D:3      | Reached XP level 7. HP: 57/57 MP: 7/7
  2221 | D:3      | Found a burning altar of Makhleb.
  2221 | D:3      | Found an opulent altar of Gozag.
  2245 | D:3      | Found a faded altar of an unknown god.
  2444 | D:4      | Reached skill level 9 in Axes
  2682 | D:4      | Found a glowing drain.
  2697 | Sewer    | Entered a sewer
  3035 | D:5      | Entered Level 5 of the Dungeon
  3065 | D:5      | Reached XP level 8. HP: 62/64 MP: 8/8
  3070 | D:5      | Reached skill level 10 in Axes
  3314 | D:5      | Found a staircase to the Ecumenical Temple.
  3628 | D:5      | Reached skill level 11 in Axes
  3720 | D:5      | Found an iron altar of Okawaru.
  3736 | Temple   | Entered the Ecumenical Temple
  3855 | Temple   | Became a worshipper of Trog the Wrathful
  3966 | D:5      | Found a stormy altar of Qazlal.
  4265 | D:5      | Found a basalt altar of Yredelemnul.
  4432 | D:6      | Found a snail-covered altar of Cheibriados.
  4490 | D:6      | Found Joijiylu's Distillery.
  4661 | D:6      | Reached * piety under Trog
  4661 | D:6      | Reached skill level 12 in Axes
  4817 | D:6      | Reached XP level 9. HP: 47/70 MP: 9/9
  5105 | D:6      | Noticed Blork the orc
  5113 | D:6      | Killed Blork the orc
  5120 | D:6      | Found an ornate altar of the Wu Jian Council.
  5433 | D:6      | HP: 3/70 [killer bee (4)]
  5436 | D:6      | HP: 1/70 [poisoned by a killer bee]
  5437 | D:6      | Succumbed to a killer bee's poison

Vault maps used:
D:1:      onia_arrival_zoo_common, minmay_distorted
D:2:      overflow_temple_1_default, first_ration, uniq_terence, uniq_natasha,
          uniq_crazy_yiuf_cottage
D:3:      led_xom_imps, kennysheep_vampire_church,
          amethyst_overflow_temple_binary, chequers_ecumenical_altar_simple,
          uniq_robin
D:4:      cheibrodos_barr_body, portal_sewer_entry_c
D:5:      old_standard_altar, okawaru_trees_2, kennysheep_mini_moat,
          minmay_temple_entry_butterflies
D:6:      cheibriados_altar_1, marbit_many_paths, serial_shops,
          nicolae_shop_crystal, uniq_blork_the_orc
D:7:      old_standard_altar, serial_glass, glass_columns_a, glass_columns_a,
          uniq_joseph
Temple:   kb_temple_of_zot
Sewer:    sewer_the_crocodile

Skill      XL: |  1  2  3  4  5  6  7  8 |
---------------+-------------------------+-----
Axes           | 3 4 5 6 7 8 9 12 | 12.7
Shields        | 4 5 6 7 |  7.9
Fighting       | |  3.6
Armour         | |  3.2

Action                   |  1- 3 |  4- 6 |  7- 9 || total
-------------------------+-------+-------+-------++-------
Melee: War axe           |    81 |   179 |   326 ||   586
  Use: Scroll            |       |       |     4 ||     4
  Eat: Chunk             |       |     2 |     5 ||     7
       Ration            |       |     1 |     1 ||     2
Armor: Scale mail        |    36 |    84 |   107 ||   227
Dodge: Dodged            |    26 |    42 |    92 ||   160
Block: Shield            |    41 |   114 |   181 ||   336
       Reflection        |       |     4 |     4 ||     8

Table legend:
 A = Spawn XP
 B = Non-spawn XP
 C = Spawn XP percentage of total XP
 D = Spawn monster count
 E = Non-spawn monster count
 F = Spawn count percentage of total count
 G = Total turns spent on level
                    A         B        C        D         E        F      G
               +---------+---------+-------+---------+---------+-------+---------
         Total |       0 |    2919 |   0.0 |       0 |     182 |   0.0 |  5437
               +---------+---------+-------+---------+---------+-------+---------
           D:1 |       0 |      58 |   0.0 |       0 |      29 |   0.0 |   735
           D:2 |       0 |     219 |   0.0 |       0 |      19 |   0.0 |   834
           D:3 |       0 |     436 |   0.0 |       0 |      43 |   0.0 |   725
           D:4 |       0 |     383 |   0.0 |       0 |      23 |   0.0 |   667
           D:5 |       0 |     918 |   0.0 |       0 |      32 |   0.0 |  1039
           D:6 |       0 |     556 |   0.0 |       0 |      22 |   0.0 |   762
           D:7 |       0 |     236 |   0.0 |       0 |       8 |   0.0 |   255
         Sewer |       0 |     113 |   0.0 |       0 |       6 |   0.0 |   269
               +---------+---------+-------+---------+---------+-------+---------
